Cogmind - Beta 14 @@@ ROGUE MODE // 2024.11.18 @ 13:35:08 Player: atomicthumbs Result: Destroyed by G-34 Mercenary with Small Laser Performance ------------- Evolutions (1) 500 Regions Visited (2) 400 Robots Destroyed (25) 125 Value Destroyed (596) 596 Prototype IDs (2) 40 Alien Tech Used (0) 0 Bonus (11) 11 TOTAL SCORE: 1672 Bonus ------- High Alert Combat Kills 11 Cogmind --------- Core Integrity 0/400 Matter 231/300 Energy 265/265 System Corruption 0% Temperature Cool (6) Movement Walking (190) Ox1 Location -9/Materials Parts ------- > --- POWER (1) -------- Improved Ion Engine > --- PROPULSION (4) --- Aluminum Leg > --- UTILITY (2) ------ Heat Sink Signal Interpreter > --- WEAPON (2) ------- Improved Medium Laser Improved Medium Laser > --- INVENTORY (5) ---- Heavy Hammer Peak State ------------ > --- POWER ------------ Light Ion Engine > --- PROPULSION ------- Aluminum Leg Aluminum Leg > --- UTILITY ---------- Improved Terrain Scanner Seismic Detector > --- WEAPON ----------- Improved Medium Laser Improved Medium Laser > --- INVENTORY -------- Wheel Wheel Small Laser Improved Medium Laser Grenade Launcher [Rating: 13] Favorites ----------- Power Light Ion Engine Engine Light Ion Engine Propulsion Aluminum Leg Leg Aluminum Leg Wheel Wheel Flight Unit Flight Unit Utility Sensor Array Device Sensor Array Processor Signal Interpreter Weapon Improved Medium Laser Energy Gun Improved Medium Laser Ballistic Gun Assault Rifle Launcher Grenade Launcher Impact Weapon Heavy Hammer Build | -11 -10 -9 ------- Run | Yrd Mat Mat Slots Evolved 2 | . . 2 Power . | . . . Propulsion 2 | . . 2 Utility . | . . . Weapon . | . . . Parts Attached 34 | 8 7 19 Power 8 | 1 2 5 Engine 8 | 1 2 5 Core . | . . . Reactor . | . . . Propulsion 8 | 2 . 6 Treads . | . . . Leg 3 | 2 . 1 Wheel 4 | . . 4 Hover . | . . . Flight 1 | . . 1 Utility 6 | 2 2 2 Device 5 | 2 1 2 Storage . | . . . Processor 1 | . 1 . Hackware . | . . . Protection . | . . . Artifact . | . . . Weapon 12 | 3 3 6 Energy Gun 7 | 1 2 4 Energy Cannon . | . . . Ballistic Gun 2 | 2 . . Ballistic Cannon . | . . . Launcher 2 | . 1 1 Special Weapon . | . . . Impact Weapon 1 | . . 1 Slashing Weapon . | . . . Piercing Weapon . | . . . Special Melee Weapon . | . . . Unidentified Prototypes 2 | . 1 1 Parts Lost 15 | . . 15 Power 4 | . . 4 Propulsion 7 | . . 7 Utility 2 | . . 2 Weapon 2 | . . 2 Highest Loss Streak 11 | . . 11 To Critical Strikes . | . . . Average Slot Usage (%) 90 | . 100 66 Engine 11 | . 14 6 Leg 23 | . 28 11 Wheel 2 | . . 10 Device 20 | . 25 6 Processor 4 | . 2 11 Energy Gun 23 | . 26 14 Impact Weapon 1 | . . 3 Peak Build Rating 13 | 9 13 13 Average Rating 10 | 4 12 9 On Entrance 6 | . 9 11 Naked Turns . | . . . Heaviest Build 14 | 8 11 14 Greatest Support 26 | 20 20 26 Greatest Overweight (x) 2 | . . 2 Average Overweight (x) . | . . . Largest Inventory Capacity 5 | 5 5 5 Average Capacity 5 | 5 5 5 Most Carried 5 | 5 5 5 Average Carried 4 | 2 4 2 Final Capacity 5 | 5 5 5 Final Carried 5 | 5 5 1 Class Distribution -------------------- 100% | Mutant Dominant Class ---------------- Mutant | -10/Materials Mutant | -9/Materials Resources | -11 -10 -9 ----------- Run | Yrd Mat Mat Matter Collected 483 | 312 60 111 Remotely . | . . . Salvage Created 609 | 62 124 423 Parts 48 | 4 17 27 Haulers Intercepted . | . . . Recyclers Shooed . | . . . Parts Field Recycled . | . . . Retrieved Matter . | . . . Parts Self-Destructed . | . . . Prevented . | . . . Kills | -11 -10 -9 ------- Run | Yrd Mat Mat Combat Hostiles Destroyed 20 | 1 6 13 Melee 2 | . . 2 Guns 11 | 1 6 4 AOE 5 | . . 5 Classes Destroyed 7 | 2 2 3 Worker 1 | . . 1 Tunneler 1 | 1 . . Watcher 3 | . 2 1 Swarmer 9 | . 6 3 Grunt 7 | 1 . 6 Duelist 1 | . . 1 Sentry 3 | . . 3 Best Kill Streak 8 | 2 4 8 Combat Bots Only 6 | 1 3 6 Max Kills in Single Turn 5 | 1 2 5 Gunslinging 1 | . 1 . Exploded 3 | . . 3 Melee 1 | . . 1 Uniques/NPCs Destroyed . | . . . Combat | -11 -10 -9 -------- Run | Yrd Mat Mat Hostile Shots Fired 167 | 14 29 124 Missed 47 | 8 6 33 Damage Taken 1415 | 65 243 1107 Core 490 | 33 55 402 Absorbed by Shields . | . . . Core Remaining (%) 75 | 86 64 . Volleys Fired 39 | 8 17 14 Largest 2 | 2 2 2 Hottest 112 | 40 112 112 Shots Fired 71 | 16 34 21 Gun 67 | 16 34 17 Cannon . | . . . Launcher 4 | . . 4 Special . | . . . Kinetic 16 | 16 . . Thermal 51 | . 34 17 Explosive 4 | . . 4 Electromagnetic . | . . . Robot Hit Streak 5 | 3 4 5 Robot Miss Streak 4 | 1 4 2 Penetration Max . | . . . Secondary Targets 2 | . 1 1 Max Gunslinging Chain 1 | . 1 1 Shots Hit Robots 52 | 10 14 28 Core Hits 26 | 4 8 14 Critical Kills . | . . . Critical Parts Destroyed 6 | . . 6 Critical Strikes 6 | . . 6 Smash 6 | . . 6 Melee Attacks 14 | . . 14 Impact 14 | . . 14 Slashing . | . . . Piercing . | . . . Sneak Attacks . | . . . Combat Hostiles . | . . . Follow-up Attacks . | . . . Damage Inflicted 1408 | 119 242 1047 Guns 565 | 119 242 204 Cannons . | . . . Explosions 439 | . . 439 Melee 398 | . . 398 Ramming 6 | . . 6 Kinetic 119 | 119 . . Thermal 446 | . 242 204 Explosive 439 | . . 439 Electromagnetic . | . . . Impact 398 | . . 398 Slashing . | . . . Piercing . | . . . Highest Corruption 1 | . 1 . Average Corruption 1 | . 1 . Corruption Purged . | . . . Corruption Blocked . | . . . Effects 3 | . 3 . Message Errors 1 | . 1 . Matter Fused 2 | . 2 . Overload Shots . | . . . Overflow Damage 188 | . . 188 Projectiles . | . . . Explosions . | . . . Melee 188 | . . 188 Knockbacks 1 | . . 1 Impact 1 | . . 1 Kinetic . | . . . Secondary . | . . . Self-Inflicted Damage . | . . . Shots . | . . . Rammed . | . . . Targets Rammed 4 | . . 4 Kicked 4 | . . 4 Crushed . | . . . Highest Temperature 365 | 12 365 351 Average Temperature 132 | 7 135 146 Received Heat Transfer 516 | 36 30 450 Effects 4 | . 1 3 Shutdowns 1 | . . 1 Energy Bleed 1 | . 1 . Interference 2 | . . 2 Siege Activations . | . . . Robots Corrupted 2 | . . 2 Combat Hostiles 2 | . . 2 Parts Fried 3 | . . 3 Impact Corruptions 7 | . . 7 Robots Melted . | . . . Combat Hostiles . | . . . Parts Melted 3 | . 2 1 Heat Transferred 962 | . 518 444 Parts Sabotaged . | . . . Parts Stolen . | . . . Parts Stripped . | . . . Power Chain Reactions . | . . . Alert | -11 -10 -9 ------- Run | Yrd Mat Mat Peak Influence 408 | 25 281 408 Initial 40 | . 16 40 Average 122 | 6 115 207 Maximum Alert Level 2 | . 1 2 Low Security (%) 77 | 100 86 38 Level 1 20 | . 13 51 Level 2 2 | . . 10 Level 3 . | . . . Level 4 . | . . . Level 5 . | . . . High Security . | . . . Max Security . | . . . Squads Dispatched 4 | . 1 3 Investigation 1 | . . 1 Extermination . | . . . Reinforcement 3 | . 1 2 Assault . | . . . Garrison . | . . . Intercept . | . . . Searches Triggered . | . . . Construction Impeded . | . . . Haulers Reinforced . | . . . Active Scanning Responses . | . . . Cargo Convoy Interrupts . | . . . Stealth | -11 -10 -9 --------- Run | Yrd Mat Mat Distress Signals 2 | . 1 1 Communications Jammed . | . . . Distress Signals . | . . . Times Spotted 37 | 1 13 23 Peak Tracking Total 10 | 1 4 10 Tactical Retreats 6 | . 3 3 Traps | -11 -10 -9 ------- Run | Yrd Mat Mat Traps Triggered 3 | . 2 1 Indirectly . | . . . Trap Hack Attempts . | . . . Triggered . | . . . Disarmed . | . . . Reprogrammed . | . . . Reused . | . . . Traps Extracted . | . . . Installed . | . . . Triggered . | . . . Machines | -11 -10 -9 ---------- Run | Yrd Mat Mat Machines Disabled 3 | . 2 1 Max in Single Turn 1 | . 1 1 Machines Repaired . | . . . Machines Dismantled . | . . . Machines Sabotaged . | . . . Overloaded Fab Kills . | . . . Hacking | -11 -10 -9 --------- Run | Yrd Mat Mat Machines Accessed 5 | . 3 2 Terminals 4 | . 2 2 Fabricators . | . . . Repair Stations . | . . . Recycling Units 1 | . 1 . Scanalyzers . | . . . Garrison Access . | . . . Total Hacks 14 | . 6 8 Successful 9 | . 3 6 Failed 5 | . 3 2 Catastrophic 2 | . 2 . Database Lockouts . | . . . Manual . | . . . Terminals 13 | . 5 8 Fabricators . | . . . Repair Stations . | . . . Recycling Units 1 | . 1 . Scanalyzers . | . . . Garrison Access . | . . . Terminal Hacks 8 | . 2 6 Record 6 | . 1 5 Hauler Manifests 1 | . 1 . Zone Layout 1 | . . 1 Fabricator Hacks . | . . . Repair Station Hacks . | . . . Recycling Unit Hacks 1 | . 1 . Report Inventory 1 | . 1 . Scanalyzer . | . . . Garrison Access Hacks . | . . . Unauthorized Hacks . | . . . Terminals . | . . . Fabricators . | . . . Repair Stations . | . . . Recycling Units . | . . . Scanalyzers . | . . . Garrison Access . | . . . Data Cores Recovered . | . . . Used . | . . . Hacking Detections 5 | . 3 2 Full Trace Events 1 | . . 1 Feedback Events . | . . . Feedback Blocked . | . . . Robot Schematics Acquired . | . . . Robots Built . | . . . Authchips . | . . . Time . | . . . Total Robot Build Rating . | . . . Part Schematics Acquired . | . . . Parts Built . | . . . Authchips . | . . . Time . | . . . Total Part Build Rating . | . . . Parts Repaired . | . . . Time . | . . . Parts Recycled . | . . . Recycled Matter . | . . . Retrieved Matter . | . . . Retrieved Components . | . . . Parts Scanalyzed . | . . . Part Schematics Acquired . | . . . Parts Damaged . | . . . Bothacking | -11 -10 -9 ------------ Run | Yrd Mat Mat Used RIF Installer . | . . . Robots Hacked . | . . . Non-combat . | . . . Combat . | . . . Robot Hacks Applied . | . . . Relay Couplers Released . | . . . Fabnet Peak Effective % . | . . . Robots Rewired . | . . . Allies Hacked . | . . . Hacks Repelled . | . . . Allies | -11 -10 -9 -------- Run | Yrd Mat Mat Total Allies . | . . . Largest Group . | . . . Highest-Rated Group . | . . . Highest-Rated Ally . | . . . Total Orders . | . . . Ally Attacks . | . . . Total Damage . | . . . Kills . | . . . Allies Corrupted . | . . . Allies Melted . | . . . Intel | -11 -10 -9 ------- Run | Yrd Mat Mat Robot Analysis Total . | . . . Derelict Logs Recovered . | . . . Drone Launches . | . . . Drone Recoveries . | . . . Exploration | -11 -10 -9 ------------- Run | Yrd Mat Mat Turns Passed 966 | 129 607 230 Spaces Moved 646 | 84 439 123 Core 26 | 17 . 9 Treads . | . . . Legs 574 | 67 439 68 Wheels 16 | . . 16 Hover . | . . . Flight 30 | . . 30 Fastest Speed 40 | 50 120 40 Average Speed 114 | 105 120 99 Slowest Speed 190 | 120 120 190 Overloaded Moves . | . . . Propulsion Burnouts . | . . . Robots Hopped . | . . . Cave-ins Triggered . | . . . Exploration Rate (%) 28 | 7 58 19 Regions Visited 2 Branch Regions . Pre-discovered Areas . | . . . Known Exits Taken 1 | . 1 . Unknown Exits Taken 1 | 1 . . Scrap Searched . | . . . Spaces Dug . | . . . Terrain Destroyed 6 | . . 6 Melee . | . . . Projectile . | . . . AOE 6 | . . 6 Terrain Rammed . | . . . Walls Destroyed . | . . . Machines Disabled . | . . . Actions | -11 -10 -9 --------- Run | Yrd Mat Mat Total 773 | 106 487 180 Wait 11 | . 10 1 Move 644 | 83 438 123 Hop . | . . . Pick Up 13 | 7 6 . Fast Attach 16 | 5 1 10 Attach 10 | 2 . 8 Detach 4 | . . 4 Swap 9 | 1 6 2 Drop 9 | . 9 . Fire 39 | 8 17 14 Melee 14 | . . 14 Ram . | . . . Kick 4 | . . 4 Crush . | . . . Escape Stasis . | . . . Rewire . | . . . Trap . | . . . Miscellaneous . | . . . Route ------- -11/Scrapyard -10/Materials (discovered 3 exits: *Mat / *Min x2) -9/Materials History --------- Turn | Location | Event 2 | -11/Scrapyard | Met Revision 17 66 | -11/Scrapyard | Discovered new exit (range 8) 130 | -11/Scrapyard | Entered Materials 303 | -10/Materials | Build established: Mutant 518 | -10/Materials | Discovered new exit (range 4) 523 | -10/Materials | Discovered new exit (range 13) 608 | -10/Materials | Discovered new exit (range 15) 669 | -10/Materials | Identified exit to Mines 736 | -10/Materials | Identified exit to Materials 737 | -10/Materials | Entered another Materials area 737 | -9/Materials | Evolved 2 slots: Propulsion x2 864 | -9/Materials | Core integrity fell below 50% 897 | -9/Materials | Core integrity fell below 20% 905 | -9/Materials | Lost 11 parts (3p6n2w) 967 | -9/Materials | Destroyed by G-34 Mercenary with Small Laser Last Messages --------------- G-34 Mercenary destroyed. K-01 Serf collects debris. Acquired Aluminum Leg. Flight Unit destroyed. G-34 Mercenary destroyed. K-01 Serf collects debris. G-34 Mercenary destroyed. Switching to secondary target: Y-45 Defender. Overheating: System interference. Seismic Detector temporarily disabled. Imp. Medium Laser temporarily disabled. Seismic Detector destroyed. Heat Sink melted. Y-45 Defender destroyed. Power failure, Imp. Ion Engine shutdown. Acquired 40 matter. Acquired Heat Sink. Kicked U-05 Engineer. K-01 Serf collects debris. [Achievement: First Step to Greatness] Map ----- +----------------------------------------------------+ | | | | | | | ?????????????????????????????????????????????????? | | ?????????????????????????????????????????????????? | | ?????????????????????????????????????????????????? | | ?????????????????????????????????????????????????? | | ?????????????????????????????????????????????????? | | ?????????????????????????????????????????????????? | | ?????????????????????????????????????????????????? | | ?????????????????????????????????????????????????? | | ?????????????????????????????????????????????????? | | ?????????????????????????????????????????????????? | | ?????????????????????????????????????????????????? | | ?????????????????????????????????????????????????? | | ?????????????????????????????????????????????????? | | ?????????????????????????????????#???????????????? | | ???????????????????????????????? #?????##########? | | ??????????????????????????###### ####??# #? | | ?????????????????????????? ##?#""" #? | | ????????????????????##+### T#?#""" ## | | ?????????????????#### #??#""" # | | ?????????????????+ ????# # | | ???????????????????k ]] #####??#""" # | | ?????????????????????# ]] ]]#??#""" + | | ?????????????????????# ]@ ]]#??#""" # | | ?????????????????????# !!#??# # | | ??????????????###????# !!#??########## | | ??????????????# ??# o #### ]]#??# # | | ??????????????# # #??# #??# # | | ??????????????# + #??#####??# # | | ??????????????# """ #g#######?????????# """ + | | ??????????????# """??# ## #?????????# """"" # | | ??????????????# "????# ## #?????????# """"" # | | ?????????????????????#%## #?????????# """"" # | | ?????????????????????#!## #?????????# """ # | | ?????????????????????#!## ########??# # | | ?????????????????????#*## ## ############# | | ????????????????????##!## ## " # | | ???????????????######*[[##+#### """# ^ | | ???????? =! + """#" """ | | ???????????????###### ## #### """#" """ | | ????????????????????######/#### "" #" """ #### | | ??????????????????????# ## """#T """ #?# | | ??????????????????????# ## ""#" #?# | | ??????????????????????# !!! ## """#" #?# | | ??????????????????????# !! ## " #" " ### | | ??????????????????????# !! ## # # | | ??????????????????????# ## # + | | ???????????????????+####/#########+## # | +----------------------------------------------------+ Best States ------------- Heat Dissipation 38 Energy Generation 12 Energy Capacity 265 Matter Stores 300 Matter Capacity 300 Sight Range 16 Robot Scan Range 14 Terrain Scan Range 16 Terrain Scan Density 10 Evasion (%) 55 Item Schematics ----------------- None Robot Schematics ------------------ None Fabricated ------------ Nothing Alien Tech Used ----------------- None Achievements -------------- First Step to Greatness One Hack Too Far Power Corrupts Risk Taker Shopping List Uninvited Guest Challenges ------------ None Game ------ Seed MyomerSapperAxe Manual? 0 Play Time 00:40:08 Cumulative 0.6 hours Start 2024.11.18 @ 12:41:18 End 2024.11.18 @ 13:35:08 Sessions 2 Manual Loads 0 Difficulty Rogue Special Mode None Game No. 1 Rogue 1 Adventurer 0 Explorer 0 Win Type - Total 0 Types 0/0/0/0/0/0/0/0/0 Lore% 0 Gallery% 1 Achievement% 2 Wizard Run 0 Options --------- Layout 0 ASCII 0 Keyboard 0 Movement Mouse Keybinds 0 Fullscreen 2 Font 24/X11 Map View 76x50 Zoom Use 0% Tactical HUD 0 Map Filters NONE Filters NONE Steam 1 RUN: b2613cde-0cf9-470a-89ad-00c19dee4ad5